 Dungeon Crawl Stone Soup version 0.22-a0-799-g88f5e90 (webtiles) character file.

89 Kuinu the Firebug (level 4, -1/33 HPs)
             Began as a Draconian Fire Elementalist on July 21, 2018.
             Killed by nerve-wracking pain
             ... invoked by an orc priest
              (12 damage)
             ... on level 3 of the Dungeon.
             The game lasted 00:07:20 (3829 turns).

Kuinu the Firebug (Draconian Fire Elementalist)     Turns: 3829, Time: 00:07:21

Health: -1/33      AC:  5    Str: 10    XL:     4   Next: 31%
Magic:  5/8        EV: 12    Int: 16    God:
Gold:   125        SH:  0    Dex: 12    Spells: 5/8 levels left

rFire    + . .     SeeInvis .   d - +0 whip
rCold    x . .     Gourm    .   (no shield)
rNeg     . . .     Faith    .   (armour unavailable)
rPois    .         Spirit   .   (helmet restricted)
rElec    .         Reflect  .   (no cloak)
rCorr    .         Harm     .   (no gloves)
MR       .....                  (no boots)
Stlth    ++........             (no amulet)
HPRegen  0.11/turn              g - ring of fire
MPRegen  0.11/turn              (no ring)

@: no status effects
A: unfitting armour, cold-blooded, AC +5
a: no special abilities


You were on level 3 of the Dungeon.
You were hungry.

You visited 1 branch of the dungeon, and saw 3 of its levels.

You collected 125 gold pieces.

Inventory:

Hand Weapons
 d - a +0 whip (weapon)
Jewellery
 g - a ring of fire (left hand)
Wands
 n - a wand of paralysis (7)
Scrolls
 f - 2 scrolls of magic mapping {unknown}
 h - a scroll of random uselessness
 i - a scroll of enchant armour {unknown}
 j - 3 scrolls of noise
 k - 2 scrolls of identify {unknown}
 o - a scroll of fear {unknown}
Potions
 a - 2 potions of curing {unknown}
 c - a potion of degeneration {unknown}
 e - a potion of lignification {unknown}
 m - a potion of agility {unknown}
Comestibles
 b - 5 rations


   Skills:
 + Level 2.2 Dodging
 + Level 2.1 Stealth
 * Level 2.9 Spellcasting
 + Level 1.5 Conjurations
 * Level 3.8 Fire Magic


You had 5 spell levels left.
You knew the following spells:

 Your Spells              Type           Power        Failure   Level  Hunger
a - Flame Tongue          Conj/Fire      ###..        6%          1    #......
b - Throw Flame           Conj/Fire      ###...       10%         2    ##.....

Your spell library contained the following spells:

 Spells                   Type           Power        Failure   Level  Hunger
 Fireball                 Conj/Fire      ###.......   86%         5    ######.
 Conjure Flame            Conj/Fire      ###.....     19%         3    ###....
 Sticky Flame             Conj/Fire      ###.....     52%         4    #####..
 Inner Flame              Hex/Fire       ##......     26%         3    ###....


Dungeon Overview and Level Annotations

Branches:
Dungeon (3/15)

Altars:
Okawaru
Wu Jian
The Shining One


Innate Abilities, Weirdness & Mutations

Your plain brown scales are hard. (AC +5)
You cannot fit into any form of body armour.
You are cold-blooded and may be slowed by cold attacks.


Message History

You hit the orc.
The orc is severely wounded.
The orc misses you.
You hit the orc.
The orc is almost dead.
The orc completely misses you.
You hit the orc.
You kill the orc!
An orc priest opens the door.
Found a scroll labeled PEFAVE CIEMMEY.
As you read the scroll labeled QULASUCUVAE, it crumbles to dust.
You hear a loud clanging noise!
It was a scroll of noise.
You hear a shout!
You hear an angry hiss.
The orc hits you but does no damage.
As you read the scroll labeled GIDUCKUATU, it crumbles to dust.
Your ears itch!
It was a scroll of random uselessness.
The orc priest calls down the wrath of Beogh upon you.
Pain shoots through your body!
You die...

#.# #....(....... #.#
##.##.###..### #.#
#####.##o# ...:
#.####.(......# .#.#.
#...........### .._. .
#...###'###.# # #.
#.#)# #.# .#
#.#.###.###)#
#.#.+.._o@o.#
#.#.#######..#.
#####...# ### ..?#
........#######.##.#
##########.........##.#
.##...................
.##.#########..#..###.
.......>..........#
.##.#########..#.##


You could see an orc priest and an orc.

Vanquished Creatures
  3 adders
  An ooze (D:1)
  3 worms
  A dart slug (D:2)
  4 leopard geckos
  3 orcs (D:3)
  6 bats
  2 giant cockroaches (D:2)
  3 goblins
  2 hobgoblins (D:1)
  5 kobolds
  2 quokkas
  3 frilled lizards
  6 rats
44 creatures vanquished.

Notes
Turn   | Place    | Note
-------+----------+-------------------------------------------
     0 | D:1      | Kuinu the Draconian Fire Elementalist began the quest for the Orb.
     0 | D:1      | Reached XP level 1. HP: 14/14 MP: 3/3
   195 | D:1      | Reached XP level 2. HP: 15/20 MP: 1/5
   374 | D:1      | Learned a level 2 spell: Throw Flame
  1713 | D:2      | Reached XP level 3. HP: 26/26 MP: 3/6
  1953 | D:2      | Found a glowing golden altar of the Shining One.
  3310 | D:3      | Reached XP level 4. HP: 33/33 MP: 0/8
  3487 | D:3      | Found an ornate altar of the Wu Jian Council.
  3805 | D:3      | Found an iron altar of Okawaru.
  3829 | D:3      | Killed from afar by an orc priest

Vault maps used:
D:1:      minmay_arrival_radiant_lines
D:2:      nicolae_overflow_hidden_temple
D:3:      okawaru_metal_pillars_1_2, kennysheep_vampire_church,
          lemuel_doored_altar, first_ration, uniq_natasha, uniq_sigmund

Skill      XL: |  1  2 |
---------------+-------+-----
Dodging        | 2 |  2.2
Stealth        | 2 |  2.1
Spellcasting   | |  2.9
Conjurations   | |  1.5
Fire Magic     | |  3.8

Action                   |  1- 3 |  4- 6 || total
-------------------------+-------+-------++-------
Melee: Whip              |    37 |    21 ||    58
       Unarmed           |     6 |       ||     6
       Tailslap          |     3 |     3 ||     6
 Cast: Flame Tongue      |    26 |     7 ||    33
       Throw Flame       |    30 |     8 ||    38
  Use: Scroll            |       |     2 ||     2
  Eat: Chunk             |     2 |     2 ||     4
       Ration            |     2 |       ||     2
Armor: Skin              |    13 |     2 ||    15
Dodge: Dodged            |    33 |    14 ||    47

Table legend:
 A = Spawn XP
 B = Non-spawn XP
 C = Spawn XP percentage of total XP
 D = Spawn monster count
 E = Non-spawn monster count
 F = Spawn count percentage of total count
 G = Total turns spent on level
                    A         B        C        D         E        F      G
               +---------+---------+-------+---------+---------+-------+---------
         Total |       0 |     128 |   0.0 |       0 |      44 |   0.0 |  3829
               +---------+---------+-------+---------+---------+-------+---------
           D:1 |       0 |      26 |   0.0 |       0 |      14 |   0.0 |  1309
           D:2 |       0 |      62 |   0.0 |       0 |      19 |   0.0 |  1769
           D:3 |       0 |      40 |   0.0 |       0 |      11 |   0.0 |   751
               +---------+---------+-------+---------+---------+-------+---------
